Map: Sludge City

Players

Nerchio - Winner!

  • Race: Zerg Zerg
  • Spawn Location: 5:00

RNGeus

  • Race: Zerg Zerg
  • League: Master
  • Spawn Location: 9:00

Goosejuice

  • Race: Terran Terran
  • League: Master
  • Spawn Location: 11:00

Elazer - Winner!

  • Race: Zerg Zerg
  • League: Master
  • Spawn Location: 5:00

VOD

Have the link to the VOD?

Description

Time

  • Played on: Aug. 23, 2016, 12:43 p.m.
  • Length: 5:41
Show
View Real Time Build Order
Export as new Build Order

Nerchio Zerg - Winner!

Build Orders: Hatch First, Zergling Baneling 

Get SALT Encoding   

  12  0:00  Drone  
  13  0:12  Overlord  
  13  0:17  Drone  
  14  0:30  Drone x2  
  14  0:34  Drone  
  17  0:53  Hatchery  
  17  0:55  Drone  
  17  0:58  Drone  
  17  1:03  Extractor  
  17  1:15  Spawning Pool  
  17  1:17  Drone  
  17  1:20  Drone  
  18  1:28  Drone  
  19  1:38  Overlord  
  19  1:51  Drone  
  20  2:01  Queen  
  20  2:02  Zergling x2  
  20  2:05  Queen  
  20  2:06  Zergling x2  
  26  2:12  Metabolic Boost  
  26  2:17  Drone  
  26  2:21  Drone  
  26  2:22  Drone  
  29  2:28  Drone  
  30  2:32  Drone  
  30  2:33  Baneling Nest  
  30  2:50  Hatchery  
  29  2:52  Zergling x2  
  29  2:53  Zergling x2  
  29  2:56  Zergling x2  
  29  2:57  Zergling x2  
  33  3:01  Overlord  
  34  3:05  Zergling x2  
  34  3:09  Zergling x4  
  36  3:13  Overlord  
  36  3:17  Overlord  
  36  3:21  Zergling x2  
  36  3:22  Zergling x2  
  36  3:24  Zergling x2  
  36  3:26  Zergling x2  
  40  3:29  Baneling x2  
  40  3:30  Baneling  
  40  3:36  Zergling x4  
  40  3:37  Zergling x2  
  43  3:42  Zergling x4  
  43  3:46  Overlord  
  45  3:48  Baneling x2  
  45  3:53  Zergling x4  
  47  3:55  Baneling x2  
  47  3:56  Baneling  
  46  4:03  Baneling  
  46  4:04  Baneling  
  46  4:06  Zergling x6  
  46  4:09  Zergling x4  
  51  4:12  Baneling  
  51  4:13  Baneling  
  51  4:14  Zergling x2  
  52  4:19  Zergling x4  
  52  4:23  Zergling x2, Baneling  
  52  4:24  Zergling x2  
  56  4:27  Zergling x2  
  56  4:28  Zergling x2  
  56  4:31  Baneling  
  58  4:43  Zergling x12  
  59  4:51  Zergling x6  
  59  4:52  Zergling x2  
  57  4:57  Zergling x4  
  57  4:59  Zergling x2  
  58  5:05  Zergling x4  
  60  5:09  Zergling x4  
  60  5:10  Zergling x2  
  61  5:21  Drone  
  61  5:22  Drone  
  61  5:23  Drone  
  64  5:26  Drone  
Show
View Real Time Build Order
Export as new Build Order

RNGeus Zerg 

Build Orders: Hatch First 

Get SALT Encoding   

  12  0:00  Drone  
  13  0:13  Overlord  
  13  0:17  Drone  
  14  0:31  Drone x2  
  16  0:36  Drone  
  17  0:52  Hatchery  
  16  0:58  Drone  
  16  1:02  Extractor  
  16  1:03  Drone  
  17  1:16  Spawning Pool  
  17  1:17  Drone  
  17  1:21  Drone  
  18  1:29  Drone  
  19  1:41  Overlord  
  19  1:50  Drone  
  20  2:06  Queen x2  
  20  2:08  Metabolic Boost  
  24  2:12  Zergling x2  
  24  2:14  Zergling x2  
  26  2:17  Drone  
  27  2:24  Drone  
  27  2:25  Baneling Nest  
  27  2:29  Drone x2  
  29  2:33  Drone  
  30  2:44  Drone x2  
  31  2:47  Overlord  
  32  2:55  Zergling x2  
  33  2:59  Zergling x2  
  34  3:06  Zergling x2  
  34  3:08  Baneling  
  35  3:13  Overlord  
  35  3:16  Zergling x6  
  38  3:20  Drone  
  38  3:21  Zergling x2  
  38  3:22  Zergling x4  
  38  3:24  Overlord  
  38  3:26  Hatchery  
  41  3:33  Queen, Overlord  
  43  3:37  Drone  
  43  3:41  Baneling  
  44  3:43  Zergling x2  
  45  3:48  Zergling x2  
  45  3:49  Zergling x6  
  45  3:52  Drone x3  
  46  4:05  Drone x3  
  48  4:12  Queen x2  
  48  4:16  Roach Warren  
  51  4:21  Baneling x2  
  51  4:26  Spine Crawler  
  51  4:27  Spine Crawler  
  51  4:30  Extractor  
  49  4:31  Drone x3  
  49  4:32  Drone  
  50  4:41  Zergling x4  
  50  4:44  Zergling x6  
  51  4:47  Zergling x2  
  51  4:49  Zergling x2  
  51  4:52  Zergling x2  
  46  4:56  Queen  
  39  5:06  Roach  
  31  5:10  Roach x3  
  31  5:11  Roach  
  29  5:16  Drone  
Show
View Real Time Build Order
Export as new Build Order

Goosejuice Terran 

Build Orders: Hellion Banshee 

Get SALT Encoding   

  12  0:01  SCV  
  13  0:13  SCV  
  14  0:18  Supply Depot  
  14  0:25  SCV  
  15  0:34  Refinery  
  15  0:39  SCV  
  16  0:46  Barracks  
  16  0:51  SCV  
  17  1:04  SCV  
  18  1:16  SCV  
  19  1:28  SCV  
  20  1:33  Marine  
  21  1:40  Orbital Command  
  21  1:50  Command Center  
  21  2:04  Factory  
  21  2:06  Barracks Reactor  
  21  2:07  SCV  
  22  2:15  Supply Depot  
  22  2:19  SCV  
  23  2:37  SCV  
  23  2:39  Refinery  
  24  2:49  SCV  
  24  2:51  Starport  
  25  2:55  Hellion x2  
  29  3:01  SCV  
  29  3:04  Orbital Command  
  30  3:13  SCV  
  30  3:17  Hellion x2  
  35  3:21  Barracks Tech Lab  
  35  3:25  SCV  
  36  3:33  SCV  
  37  3:35  Supply Depot  
  37  3:37  SCV  
  37  3:38  Hellion  
  40  3:45  SCV  
  40  3:47  Supply Depot  
  41  3:50  SCV  
  41  3:55  Hellion  
  44  3:57  SCV  
  44  3:59  Banshee, Hellion  
  50  4:06  SCV  
  50  4:08  Cloaking Field  
  51  4:10  Barracks Tech Lab  
  51  4:14  SCV  
  52  4:17  Supply Depot  
  52  4:18  SCV  
  52  4:20  Hellion  
  52  4:22  Hellion  
  57  4:28  SCV  
  57  4:30  Supply Depot  
  60  4:31  Marauder  
  60  4:35  SCV  
  61  4:41  Banshee  
  51  4:47  Hellion  
  51  4:48  Hellion  
  51  4:52  SCV, Marauder  
  52  4:57  SCV  
  53  5:02  Barracks x2  
  53  5:04  SCV  
  54  5:09  SCV  
  54  5:10  Hellion x2  
  61  5:14  Marauder  
Show
View Real Time Build Order
Export as new Build Order

Elazer Zerg - Winner!

Build Orders: Hatch First, Ravager All-In 

Get SALT Encoding   

  12  0:00  Drone  
  13  0:13  Overlord  
  13  0:18  Drone  
  14  0:32  Drone x2  
  16  0:36  Drone  
  17  0:54  Hatchery  
  17  0:56  Drone  
  17  1:00  Drone  
  18  1:11  Extractor  
  18  1:17  Spawning Pool  
  16  1:19  Drone  
  16  1:23  Drone  
  18  1:29  Drone  
  19  1:48  Overlord  
  19  1:59  Drone  
  20  2:04  Queen  
  22  2:09  Queen, Drone  
  22  2:14  Metabolic Boost  
  25  2:23  Drone x2  
  25  2:27  Drone x2  
  29  2:36  Roach Warren  
  28  2:39  Drone  
  28  2:43  Overlord  
  29  2:47  Drone  
  29  2:50  Extractor, Drone  
  30  2:52  Zergling x2  
  31  3:06  Overlord  
  31  3:18  Roach x5  
  41  3:21  Overlord  
  41  3:23  Roach  
  41  3:24  Roach x2  
  47  3:27  Roach  
  47  3:33  Roach  
  51  3:40  Roach  
  53  3:41  Overlord  
  53  3:52  Zergling x8  
  57  4:04  Zergling x2  
  57  4:05  Zergling x4  
  60  4:14  Zergling x8  
  64  4:19  Ravager x3  
  64  4:21  Zergling x2  
  68  4:24  Overlord  
  68  4:31  Hatchery  
  63  4:39  Ravager  
  63  4:45  Zergling x16  
  71  4:48  Zergling x2  
  71  4:49  Zergling x4  
  71  4:51  Ravager  
  75  4:57  Zergling x2  
  72  5:04  Zergling x2  
  73  5:12  Zergling x2  
  73  5:13  Zergling x4  
  71  5:23  Zergling x2  
  71  5:24  Zergling x6  
Tags
 
Add a new tag
Caveats
  • Supply blocks, unpowered buildings, or Contaminate may cause inaccurate times.
  • Supply counts are checked every 10 seconds.